AoeStats
← eduhaas

Black Forest

510460940Analyzed
4v4 RM · 11h ago on Oct 1, 2026· 46m 44s· 8 players
Game mode
Random Map
Map size
Large (8 player)
Population
200
Speed
Normal
Resources
Standard
Victory
Conquest
Starting age
Dark Age
Ending age
Imperial Age
RankedLock teamsTeams togetherTeam positionsShared explorationLock speedFull tech treeHidden civsTurbo modeCheats
Victory
Defeat
🇵🇹 Armenians · Portugal
1174
+12
🇨🇳 Britons · China
1148
+13
🇺🇸 Persians · United States
1042
+18
🇲🇽 Varangians · Mexico
1042
+18
🇮🇳 Lithuanians · India
1194
-20
🇧🇷 Teutons · Brazil
1087
-15
🇲🇽 Spanish · Mexico
1047
-14
🇧🇷 Bohemians · Brazil
1010
-12
eduhaas
0:54 Loom
13:05 Feudal Age
16:46 Castle Age
15:08 Double-Bit Axe
15:06 Horse Collar
17:36 Bow Saw
17:50 Heavy Plow
24:32 Gold Mining
28:12 Wheelbarrow
30:39 Imperial Age
28:27 Fletching
28:37 Padded Archer Armor
29:22 Ballistics
29:14 Fortified Wall
29:44 Hand Cart
29:14 Town Watch
31:05 Onager
31:23 Elite Skirmisher
32:08 Thumb Ring
32:23 Leather Archer Armor
32:03 Bodkin Arrow
34:07 Ring Archer Armor
34:40 Chemistry
33:31 Guard Tower
33:36 Murder Holes
33:56 Bracer
35:39 Forging
35:29 Scale Mail Armor
37:10 Pikeman
37:50 Squires
37:36 Gambesons
37:36 Arson
40:48 Keep
40:24 Masonry
42:12 Iron Casting
41:52 Chain Mail Armor
42:43 Two-Man Saw
Six
0:27 Loom
10:21 Feudal Age
10:57 Double-Bit Axe
18:36 Castle Age
24:11 Horse Collar
25:33 Heavy Plow
25:25 Gold Mining
25:56 Bow Saw
29:32 Forging
29:23 Scale Mail Armor
31:59 Imperial Age
30:10 Fletching
30:21 Padded Archer Armor
30:56 Iron Casting
29:58 Pikeman
30:38 Squires
30:23 Arson
31:04 Ballistics
31:35 Wheelbarrow
31:36 Redemption
32:56 Chain Mail Armor
32:37 Bodkin Arrow
32:24 Halberdier
33:32 Block Printing
33:57 Theocracy
32:52 Elite Skirmisher
33:54 Leather Archer Armor
35:16 Chemistry
35:49 Blast Furnace
35:19 Plate Mail Armor
40:10 Illumination
LIGHTYRIX
7:39 Loom
8:44 Loom
10:31 Feudal Age
15:01 Castle Age
12:53 Double-Bit Axe
13:18 Horse Collar
16:37 Bow Saw
16:28 Heavy Plow
21:41 Gold Mining
24:36 Wheelbarrow
24:01 Stone Mining
29:47 Imperial Age
27:34 Hand Cart
27:56 Stone Shaft Mining
28:37 Forging
28:33 Scale Barding Armor
28:45 Bloodlines
28:36 Husbandry
29:53 Cavalier
31:37 Chemistry
31:15 Iron Casting
31:00 Chain Barding Armor
31:40 Paladin
34:53 Hill Forts
35:14 Conscription
36:45 Fletching
36:56 Padded Archer Armor
37:32 Plate Barding Armor
37:07 Thumb Ring
36:23 Crossbowman
37:27 Ballistics
37:28 Bombard Tower
36:37 Elite Leitis
37:19 Tower Shields
37:24 Light Cavalry
38:58 Bodkin Arrow
39:19 Leather Archer Armor
39:01 Elite Skirmisher
41:17 Ring Archer Armor
40:48 Bracer
40:42 Winged Hussar
Jcn_x
0:29 Loom
14:32 Feudal Age
19:20 Castle Age
17:08 Town Watch
17:21 Horse Collar
18:33 Double-Bit Axe
25:28 Bow Saw
26:27 Heavy Plow
27:56 Wheelbarrow
28:06 Masonry
28:58 Fortified Wall
33:16 Imperial Age
32:16 Hand Cart
35:56 Chemistry
35:17 Ballistics
35:29 Architecture
37:55 Two-Man Saw
39:27 Conscription
littlestewey
7:40 Loom
10:20 Feudal Age
10:45 Double-Bit Axe
16:34 Castle Age
15:13 Horse Collar
19:33 Wheelbarrow
19:48 Bow Saw
21:17 Heavy Plow
22:39 Hand Cart
26:21 Caravan
31:45 Imperial Age
30:05 Forging
30:01 Scale Barding Armor
30:25 Bloodlines
30:17 Husbandry
30:33 Gold Mining
32:27 Iron Casting
32:12 Chain Barding Armor
31:50 Cavalier
34:21 Two-Man Saw
34:27 Blast Furnace
34:00 Crop Rotation
34:10 Conscription
33:46 Savar
36:25 Plate Barding Armor
39:12 Pikeman
39:27 Elite War Elephant
40:57 Halberdier
41:40 Squires
41:50 Scale Mail Armor
Dr_muerte_23
12:01 Feudal Age
12:39 Double-Bit Axe
14:12 Loom
15:34 Town Watch
16:22 Forging
18:33 Castle Age
17:18 Scale Mail Armor
18:15 Scale Barding Armor
17:55 Horse Collar
18:13 Stone Mining
18:25 Gold Mining
20:30 Bow Saw
22:48 Fishing Lines
24:43 Fervor
25:38 Gillnets
25:45 Treadmill Crane
27:08 Wheelbarrow
30:58 Imperial Age
28:54 Heavy Plow
29:31 Hand Cart
29:27 Gambesons
29:43 Squires
29:29 Arson
30:22 Iron Casting
32:28 Stone Shaft Mining
32:02 Elite Varangian Guard
33:45 Blast Furnace
33:01 Chain Mail Armor
33:27 Gothikon
33:33 Capped Ram
35:25 Conscription
37:05 Chemistry
36:25 Ballistics
36:09 Town Patrol
37:56 Plate Mail Armor
37:17 Fletching
37:50 Chain Barding Armor
40:10 Elite Jarl
40:11 Vendel Legacy
40:22 Siege Ram
41:53 Crop Rotation
41:22 Bodkin Arrow
天天一笑
3:23 Loom
9:53 Feudal Age
16:34 Castle Age
15:13 Double-Bit Axe
15:09 Horse Collar
15:39 Stone Mining
18:23 Wheelbarrow
28:50 Imperial Age
26:55 Padded Archer Armor
26:59 Fletching
27:50 Gold Mining
29:25 Gold Shaft Mining
29:26 Squires
29:11 Arson
30:19 Ballistics
31:59 Chemistry
30:55 Bodkin Arrow
32:27 Conscription
32:21 Bracer
33:13 Yeomen
34:30 Elite Longbowman
38:11 Leather Archer Armor
39:48 Ring Archer Armor
42:49 Warwolf
darkdavixi
1:00 Loom
14:01 Feudal Age
17:37 Castle Age
16:54 Double-Bit Axe
18:41 Bow Saw
20:47 Horse Collar
25:43 Fishing Lines
26:29 Heavy Plow
26:24 Gold Mining
26:24 Stone Mining
27:11 Gillnets
28:57 Wheelbarrow
28:08 Town Watch
29:03 Gold Shaft Mining
29:27 Town Patrol
31:01 Man-at-Arms
31:26 Gambesons
31:42 Squires
31:27 Arson
31:03 Pikeman
31:38 Fletching
31:48 Padded Archer Armor
31:54 Scale Barding Armor
31:49 Scale Mail Armor
31:59 Forging
31:43 Gambesons
31:58 Squires
31:43 Arson
32:02 Padded Archer Armor
31:24 Elite Skirmisher
32:31 Hand Cart
32:49 Bodkin Arrow
32:18 Long Swordsman
34:15 Halberdier
34:16 Two-Handed Swordsman
35:23 Champion
36:23 Leather Archer Armor
36:23 Chain Mail Armor
36:44 Iron Casting
36:30 Chain Barding Armor
38:55 Imperial Age
37:29 Caravan
38:01 Coinage
40:12 Plate Mail Armor
40:42 Blast Furnace
39:44 Bracer
40:14 Ring Archer Armor
40:30 Ballistics
41:11 Chemistry
40:06 Murder Holes
39:53 Treadmill Crane
40:23 Masonry
40:27 Fortified Wall
41:36 Guilds
41:57 Banking
43:23 Capped Ram
44:25 Siege Ram
46:02 Fereters
46:18 Conscription
46:34 Hoardings
Connection lost

Rejoining the realm…

Still unreachable

The connection could not be restored.

Session expired

The server has moved on; the page needs a fresh start.